 Dungeon Crawl Stone Soup version 0.32-a0-39-g5c88369fb2 (webtiles) character file.

Game seed: 4752932948332822179

156 desolaar the Slasher (level 4, -1/38 HPs)
             Began as a Demigod Fighter on Feb 5, 2024.
             Slain by Crazy Yiuf
             ... wielding a +4 quarterstaff of chaos
              (7 damage)
             ... on level 2 of the Dungeon.
             The game lasted 00:23:34 (711 turns).

desolaar the Slasher (Demigod Fighter)               Turns: 711, Time: 00:23:34

Health: -1/38      AC:  6    Str: 21    XL:     4   Next: 92%
Magic:  3/6        EV: 10    Int: 10    God:
Gold:   53         SH:  4    Dex: 13    Spells: 3/3 levels left

rFire   . . .        u - +0 hammer
rCold   . . .        c - +0 buckler
rNeg    . . .        o - +0 ring mail
rPois   .            (no helmet)
rElec   .            (no cloak)
rCorr   .            f - +0 pair of gloves
SInv    .            (no boots)
Will    .....        (no amulet)
Stlth   +            (no ring)
HPRegen 0.26/turn    (no ring)
MPRegen 0.10/turn

%: no passive effects
@: mighty, weakened
A: high MP 1, forlorn, divine attributes
a: no special abilities


You were on level 2 of the Dungeon.
You visited 1 branch of the dungeon, and saw 2 of its levels.

You collected 53 gold pieces.

Inventory:

Hand Weapons
 a - a +0 long sword
 g - a +0 dagger
 l - a +0 sling
 n - a +0 whip
 t - a +0 whip
 u - a +0 hammer (weapon)
 v - a +0 hammer
 w - a +0 hammer
Missiles
 s - 6 stones (quivered)
Armour
 b - a +0 scale mail
 c - a +0 buckler (worn)
 f - a +0 pair of gloves (worn)
 i - a +0 ring mail
 o - a +0 ring mail (worn)
Magical Staves
 q - a staff of earth
Wands
 r - a wand of roots (13)
Scrolls
 e - 3 scrolls of identify {unknown}
 h - a scroll of immolation {unknown}
 k - a scroll of fog {unknown}
 m - a scroll of silence {unknown}
 p - a scroll of noise {unknown}
Potions
 j - a potion of magic {unknown}


   Skills:
 + Level 3.3 Fighting
 + Level 3.4 Long Blades
 + Level 3.2 Armour
 + Level 0.7 Dodging
 + Level 3.2 Shields


You had 3 spell levels left.
You didn't know any spells.
Your spell library was empty.

Dungeon Overview and Level Annotations

Branches:
Dungeon (2/15)

Shops:
D:1 *:

Annotations:
D:2 Crazy Yiuf


Innate Abilities, Weirdness & Mutations

You have an increased reservoir of magic. (+10% MP)
You shall have no god before yourself.
Your divine heritage dramatically boosts your attributes as you level up.


Message History

Crazy Yiuf shouts!
You see here a +0 hammer.
v - a +0 hammer You see here a +0 hammer.
w - a +0 hammer Crazy Yiuf sings, "Trees, trees, trees, circus!"
You open the door. You hit Crazy Yiuf but do no damage. Crazy Yiuf misses you.
You hit Crazy Yiuf.
Crazy Yiuf is lightly wounded.
Crazy Yiuf waves his quarterstaff at you.
Crazy Yiuf barely misses you.
Crazy Yiuf hits you with a +4 quarterstaff of chaos!
You feel your power leaking away.
You hit Crazy Yiuf.
Crazy Yiuf is lightly wounded.
Crazy Yiuf hits you with a +4 quarterstaff of chaos!
You feel your attacks grow feeble.
u - a +0 hammer (weapon)
You closely miss Crazy Yiuf.
Crazy Yiuf is lightly wounded.
You block Crazy Yiuf's attack.
Crazy Yiuf says, "Gum tea illywillydillykilly!"
Crazy Yiuf barely misses you.
You sock Crazy Yiuf!
Crazy Yiuf is heavily wounded.
Crazy Yiuf closely misses you.
You closely miss Crazy Yiuf.
Crazy Yiuf is heavily wounded.
Crazy Yiuf hits you with a +4 quarterstaff of chaos.
Crazy Yiuf burns you.
You feel very mighty all of a sudden.
Crazy Yiuf hits you with a +4 quarterstaff of chaos.
* * * LOW HITPOINT WARNING * * *
Crazy Yiuf burns you.
* * * LOW HITPOINT WARNING * * *
You sock Crazy Yiuf!
Crazy Yiuf is almost dead.
Crazy Yiuf hits you with a +4 quarterstaff of chaos!
You die...

##..<.. #...... # #.....# #####
#.#.###.. #..)# ###...#.#.# #...#
........... ### ... ####.##...#
#.# #g# ...#..... ##########.#
♣♣@♣ ..##.##.#.# #.......##.#
♣.♣♣ # #....### ........##.# ♣♣.♣
#...... .....##.##.# ♣.♣♣ ####...
.<.#.##.##.# ♣♣.♣♣ #(..
...........# ♣...♣♣ #...
#.......#### ♣....♣ #...
.#.#.##....# #....# ### #>..
###........###....####.#######...


You could see Crazy Yiuf.

Vanquished Creatures
  A phantom (D:2)
  Natasha (D:2)
  3 adders (D:2)
  A dart slug (D:1)
  3 ribbon worms (D:2)
  5 bats
  3 endoplasms
  2 giant cockroaches
  A goblin (D:1)
  3 hobgoblins (D:2)
  3 ball pythons (D:2)
  2 kobolds (D:2)
  2 rats
30 creatures vanquished.

Notes
Turn   | Place    | Note
-------+----------+-------------------------------------------
     0 | D:1      | desolaar the Demigod Fighter began the quest for the Orb.
     0 | D:1      | Reached XP level 1. HP: 18/18 MP: 3/3
     4 | D:1      | Found Pobrad's General Store.
    67 | D:1      | Found Dilioq's Book Emporium.
   181 | D:2      | Reached XP level 2. HP: 25/25 MP: 4/4
   336 | D:2      | Noticed a phantom
   353 | D:2      | Killed a phantom
   354 | D:2      | Reached XP level 3. HP: 19/31 MP: 5/5
   354 | D:2      | Reached XP level 4. HP: 24/38 MP: 6/6
   531 | D:2      | Noticed Natasha
   541 | D:2      | Killed Natasha
   696 | D:2      | Found a runed translucent door.
   697 | D:2      | Noticed Crazy Yiuf
   711 | D:2      | Slain by Crazy Yiuf

Illustrated notes

Levels and vault maps discovered:
D:1:      minmay_arrival_semitransparent, layout_loops_ring, serial_shops,
          nicolae_shop_back_alley_shop, nicolae_shop_just_a_little_nook, shop,
          nicolae_diamond_shop, nicolae_shop_tiny_waterfront
D:2:      layout_loops_cross, minmay_pentomino_u4, uniq_crazy_yiuf_cottage,
          uniq_natasha

Skill      XL: |  1  2 |
---------------+-------+-----
Long Blades    | 2 3 |  3.4
Fighting       | 3 |  3.3
Shields        | 3 |  3.2
Armour         | 3 |  3.2
Dodging        | |  0.7

Action                     |  1- 3 |  4- 6 || total
---------------------------+-------+-------++-------
  Melee: Long sword        |    60 |    74 ||   134
         Mace              |       |     4 ||     4
    Use: Potion            |     1 |     1 ||     2
 Armour: Scale mail        |    17 |       ||    17
         Ring mail         |    32 |    52 ||    84
  Dodge: Dodged            |    22 |    41 ||    63
  Block: Buckler           |    19 |    18 ||    37

Table legend: (Time is in decaauts)
 A = Elapsed time spent in this place.
 B = Non-inter-level travel time spent in this place.
 C = Inter-level travel time spent in this place.
 D = Time resting spent in this place.
 E = Time spent auto-exploring this place.
 F = Levels seen in this place.
 G = Mean time per level.
                   A        B        C        D        E       F      G
               +--------+--------+--------+--------+--------+-----+--------+
         Total |    771 |    567 |    204 |      0 |      5 |   2 |  385.5 |
       Dungeon |    771 |    567 |    204 |      0 |      5 |   2 |  385.5 |
               +--------+--------+--------+--------+--------+-----+--------+

Top non-repeatable levels by time:
     D:2: 598 daAuts
     D:1: 173 daAuts
